 Dungeon Crawl Stone Soup version 0.17.0-24-gcfadda4 (webtiles) character file.

1555 inmateoo the Slasher (level 8, -3/42 HPs)
             Began as a Vine Stalker Hunter on Nov 16, 2015.
             Was a Follower of Ashenzari.
             Slain by an orc warrior
             ... wielding a +0 halberd
              (16 damage)
             ... on level 6 of the Dungeon.
             The game lasted 00:10:38 (4108 turns).

inmateoo the Slasher (Vine Stalker Hunter)          Turns: 4108, Time: 00:10:38

Health: -3/42      AC: 13    Str: 18    XL:     8   Next: 88%
Magic:  0/9        EV: 11    Int: 14    God:    Ashenzari [*.....]
Gold:   283        SH:  0    Dex: 14    Spells: 0 memorised, 7 levels left

rFire  . . .     SeeInvis .     A - +6 long sword "Hailifussi" {flame, Str+3}
rCold  . . .     Clarity  .     k - +1 scale mail of Rahuner {+Inv rPois Int+3 Dex-3} (curse)
rNeg   . . .     SustAt   .     (no shield)
rPois  +         Gourm    +     (no helmet)
rElec  .         Spirit   +     s - +0 cloak
rCorr  .         Warding  .     (no gloves)
rMut   .         Stasis   .     z - +0 pair of boots
MR     +....                    v - amulet of the gourmand
Stlth  ..........               (no ring)
                                t - +3 ring of protection

@: somewhat resistant to hostile enchantments, extremely unstealthy
A: fangs 3, regeneration 2, magic shield, antimagic bite, no device heal 3, rot
immunity
a: Scrying, Renounce Religion, Evoke Invisibility


You were on level 6 of the Dungeon.
You worshipped Ashenzari.
Ashenzari was aware of your devotion.
You were hungry.

You visited 1 branch of the dungeon, and saw 6 of its levels.
You also visited: Sewer.

You collected 283 gold pieces.

Inventory:

Hand Weapons
 d - a +7 club of flaming
 A - the +6 long sword "Hailifussi" (weapon) {flame, Str+3}
   (You found it on level 5 of the Dungeon)

   It has been specially enchanted to burn those struck by it, causing extra
   injury to most foes and up to half again as much damage against particularly
   susceptible opponents.
   Big, fiery blades are also staple armaments of hydra-hunters.
   It affects your strength (+3).
Missiles
 a - 6 javelins
 b - a throwing net (quivered)
 i - 3 tomahawks of returning
Armour
 k - the cursed +1 scale mail of Rahuner (worn) {+Inv rPois Int+3 Dex-3}
   (You found it on level 5 of the Dungeon)

   It affects your intelligence (+3).
   It affects your dexterity (-3).
   It protects you from poison.
   It lets you turn invisible.
   It has a curse placed upon it.
 r - a +3 scale mail of fire resistance
 s - a +0 cloak (worn)
 z - a +0 pair of boots (worn)
Jewellery
 t - a +3 ring of protection (left hand)
 v - an amulet of the gourmand (around neck)
 y - an uncursed ring of fire
Wands
 x - a wand of polymorph (10)
Scrolls
 c - 2 scrolls of teleportation
 g - 3 scrolls of enchant weapon
 l - 2 scrolls of blinking
 B - a scroll of enchant armour
 C - 3 scrolls of remove curse
 E - a scroll of identify
 G - a scroll of fear
Potions
 f - 2 potions of haste
 m - 6 potions of curing
 n - 4 potions of flight
 o - 3 potions of brilliance
 q - a potion of invisibility
 u - a potion of heal wounds
 w - a potion of beneficial mutation
 D - a potion of lignification
Comestibles
 e - 3 bread rations
 h - 4 fruits
 j - 2 beef jerkies
 p - 2 meat rations


   Skills:
 - Level 4.0 Fighting
   Level 1.3(3.3) Short Blades
 * Level 4.8(4.9) Long Blades
 - Level 3.6 Maces & Flails
 - Level 3.6 Throwing
 + Level 4.4 Armour
 - Level 3.8 Dodging
 - Level 1.2 Stealth


You had 7 spell levels left.
You didn't know any spells.

Dungeon Overview and Level Annotations

Branches:
Dungeon (6/15)
 Temple: D:4-7

Altars:
Ashenzari
Fedhas
Kikubaaqudgha
Okawaru
Ru
Sif Muna
Vehumet


Innate Abilities, Weirdness & Mutations

You have razor-sharp teeth.
You heal very quickly.
When hurt, damage is shared between your health and your magic reserves.
Your bite disrupts and absorbs the magic of your enemies.
Potions and wands cannot restore your health.
You are immune to rotting.


Message History

The tomahawk hits you but does no damage.
You swing at nothing.
The orc warrior hits you but does no damage.
The orc throws a tomahawk.
The tomahawk barely misses you.
You hit the orc warrior. You burn the orc warrior.
The orc warrior is heavily wounded.
The orc warrior hits you with a halberd!
You hit the orc warrior. You burn the orc warrior.
The orc warrior is heavily wounded.
The orc hits you but does no damage.
The orc warrior hits you but does no damage.
You hit the orc warrior but do no damage.
You bite the orc warrior, but do no damage.
The orc warrior is heavily wounded.
The orc barely misses you.
The orc warrior hits you with a halberd!
* * * LOW HITPOINT WARNING * * *
The orc hits you but does no damage.
The orc warrior hits you from afar with a halberd!!
You die...

#....#.##
..........###..
#....#..#
######.......#
#....##o# ##
##.....### ###..##.#
..##....#.# ##.##.###
#.##.#.##..# #..#((.#
#.##.#.# #..#
##.o##.# #.##.#.#
#..# ##..#.###(##.#.#
#.. ##o#@#........##
#.#...........#
#.oo..........#
#######...........#
#.................#
#...................
#.........###########
#.........#
#.........#


You could see an orc warrior and an orc.

Vanquished Creatures
  Edmund (D:5)
  A black bear (D:6)
  A sky beast (D:6)
  5 ogres
  A big kobold (Sewer)
  The ghost of HaroldButt the Chucker, a weakling OgHu (Sewer)
  A crimson imp (D:5)
  2 hounds
  Crazy Yiuf (D:2)
  A gnoll shaman (D:5)
  5 orc priests
  Jessica (D:3)
  Terence (D:2)
  An iguana (D:4)
  3 worker ants
  2 orc wizards
  A hound skeleton (D:6)
  8 adders
  4 gnolls (D:5)
  2 river rats
  An ooze (D:5)
  An adder skeleton (D:4)
  2 worms
  5 giant geckos
  4 orcs
  9 bats
  6 hobgoblins
  13 jackals
  11 kobolds
  5 quokkas
  3 ball pythons
  5 giant cockroaches
  A giant gecko zombie (D:6)
  6 giant newts
  5 goblins
  13 rats
133 creatures vanquished.

Notes
Turn   | Place    | Note
--------------------------------------------------------------
     0 | D:1      | inmateoo the Vine Stalker Hunter began the quest for the Orb.
     0 | D:1      | Reached XP level 1. HP: 11/11 MP: 2/2
    88 | D:1      | Reached XP level 2. HP: 10/15 MP: 3/3
   254 | D:1      | Reached skill level 1 in Short Blades
   471 | D:2      | Reached XP level 3. HP: 13/18 MP: 0/4
   683 | D:2      | Found a radiant altar of Vehumet.
   707 | D:2      | Found a shattered altar of Ashenzari.
   745 | D:2      | Became a worshipper of Ashenzari the Shackled
   793 | D:2      | Noticed Terence
   815 | D:2      | Killed Terence
   815 | D:2      | Reached XP level 4. HP: 9/23 MP: 3/5
  1120 | D:2      | Found an ancient bone altar of Kikubaaqudgha.
  1149 | D:2      | Noticed Crazy Yiuf
  1344 | D:2      | Killed Crazy Yiuf
  1472 | D:3      | Reached skill level 1 in Armour
  1472 | D:3      | Reached XP level 5. HP: 19/28 MP: 6/6
  1562 | D:3      | Noticed Jessica
  1568 | D:3      | Killed Jessica
  1796 | D:3      | Found a sacrificial altar of Ru.
  1804 | D:3      | Reached skill level 1 in Maces & Flails
  1962 | D:3      | Found a deep blue altar of Sif Muna.
  2029 | D:3      | Gained mutation: You heal very quickly. [Vine Stalker growth]
  2029 | D:3      | Reached XP level 6. HP: 28/32 MP: 5/7
  2082 | D:3      | Found a blossoming altar of Fedhas.
  2320 | D:4      | Found a glowing drain.
  2386 | D:4      | Reached XP level 7. HP: 23/36 MP: 5/8
  2404 | Sewer    | Entered a sewer
  2450 | Sewer    | Noticed HaroldButt's ghost (weakling OgHu)
  2458 | Sewer    | Killed HaroldButt's ghost
  2499 | Sewer    | Found a white marble altar of Elyvilon.
  2842 | D:4      | Reached skill level 4 in Fighting
  3284 | D:5      | Entered Level 5 of the Dungeon
  3308 | D:5      | Got the long sword "Hailifussi" {flame, Str+3}
  3309 | D:5      | Identified the +6 long sword "Hailifussi" {flame, Str+3} (You found it on level 5 of the Dungeon)
  3377 | D:5      | Reached skill level 1 in Long Blades
  3377 | D:5      | Gained mutation: You have razor-sharp teeth. [Vine Stalker growth]
  3377 | D:5      | Reached XP level 8. HP: 19/42 MP: 3/9
  3470 | D:5      | Noticed Edmund
  3488 | D:5      | Killed Edmund
  3588 | D:5      | Got the cursed scale mail of Rahuner {+Inv rPois Int+3 Dex-3}
  3753 | D:5      | Identified the cursed +1 scale mail of Rahuner {+Inv rPois Int+3 Dex-3} (You found it on level 5 of the Dungeon)
  3798 | D:5      | Found an iron altar of Okawaru.
  3924 | D:6      | Reached * piety under Ashenzari
  4108 | D:6      | Slain by an orc warrior

Action                   |  1- 3 |  4- 6 |  7- 9 || total
-------------------------+-------+-------+-------++-------
Melee: Short sword       |    72 |    67 |       ||   139
       Club              |       |    94 |    99 ||   193
       Long sword        |       |       |    84 ||    84
Throw: Tomahawk          |    26 |       |       ||    26
       Throwing net      |       |     1 |       ||     1
  Use: Scroll            |       |    10 |     7 ||    17
 Stab: Sleeping          |     6 |       |       ||     6
       Held in net/web   |       |     1 |       ||     1
       Paralysed         |       |     1 |       ||     1
  Eat: Chunk             |       |     5 |     9 ||    14
